 Dungeon Sprint DCSS version 0.20.1-1-g8b1a95d (webtiles) character file.

462 potatolord6000 the Cleaver (level 7, -8/69 HPs)
             Began as a Hill Orc Fighter on Aug 31, 2017.
             Was an Elder of Beogh.
             Mangled by a phantasmal warrior (23 damage)
             ... in the Dungeon (Sprint VII: "The Pits").
             The game lasted 00:02:28 (598 turns).

potatolord6000 the Cleaver (Hill Orc Fighter)        Turns: 598, Time: 00:02:29

Health: -8/69      AC: 15    Str: 26    XL:     7   Next: 7%
Magic:  13/13      EV:  6    Int:  8    God:    Beogh [****..]
Gold:   0          SH: 11    Dex: 10    Spells: 6/6 levels left

rFire    . . .     SeeInvis .   l - +2 hand axe
rCold    . . .     Gourm    .   c - +0 shield
rNeg     . . .     Faith    .   r - +2 plate armour
rPois    .         Spirit   .   (no helmet)
rElec    .         Reflect  .   (no cloak)
rCorr    .         Harm     .   (no gloves)
MR       .....     NoTele   +   (no boots)
Stlth    ..........             (no amulet)
Regen    0.3/turn               (no ring)
MPRegen  0.2/turn               (no ring)

@: mighty, vulnerable, hasted, very quick
A: no striking features
a: Smiting, Recall Orcish Followers, Renounce Religion


You were in the Dungeon.
You worshipped Beogh.
Beogh was greatly pleased with you.
You were not hungry.

You visited 1 branch

Inventory:

Hand Weapons
 l - a +2 hand axe (weapon)
Armour
 c - a +0 shield (worn)
 r - a +2 plate armour (worn)
Scrolls
 k - a scroll of blinking
 m - 3 scrolls of remove curse
 n - 5 scrolls of amnesia
 o - a scroll of summoning
Potions
 a - 2 potions of invisibility
 e - 5 potions of curing
 i - 4 potions of magic
 j - 3 potions of berserk rage
Comestibles
 f - 8 bread rations
 p - 40 fruits
 q - 7 meat rations


   Skills:
 + Level 8.5 Fighting
 + Level 9.1 Axes
 + Level 8.0 Armour
 + Level 8.0 Shields
 + Level 8.1 Invocations


You had 6 spell levels left.
You didn't know any spells.

Dungeon Overview and Level Annotations

Branches:
Dungeon (1/1)

Altars:
Ashenzari
Cheibriados
Dithmenos
Elyvilon
Fedhas
Gozag
Hepliaklqana
Kikubaaqudgha
Makhleb
Nemelex Xobeh
Okawaru
Qazlal
Ru
Sif Muna
Trog
Uskayaw
Vehumet
Xom
Yredelemnul
Zin
The Shining One
Beogh
Jiyva
Lugonu


Message History

You feel much better. The phantasmal warrior hits you!!
You slash the phantasmal warrior!
The phantasmal warrior is heavily damaged.
You slash the phantasmal warrior!
The phantasmal warrior is severely damaged.
You block the phantasmal warrior's attack.
Okay, then.
You slash the phantasmal warrior!
The phantasmal warrior is almost destroyed.
The phantasmal warrior hits you!
* * * LOW HITPOINT WARNING * * *
You hit the phantasmal warrior but do no damage.
The phantasmal warrior is almost destroyed.
You closely miss the phantasmal warrior.
The phantasmal warrior is almost destroyed.
You block the phantasmal warrior's attack.
You barely miss the phantasmal warrior.
The phantasmal warrior is almost destroyed.
The phantasmal warrior hits you!!
You die...

#.#........##.......#
#†###########.......#
#.......# #########
#...#...# #...#...#
#.##.##.#+#
#...#...#.+
#...#...#W#
#.......'@#
###########


You could see a phantasmal warrior.

Vanquished Creatures
  A floating eye (D)
  2 wolves (D)
  A big kobold (D)
  2 quasits (D)
  A worker ant (D)
  An adder (D)
  A river rat (D)
  An ooze (D)
  A leopard gecko (D)
  A bat zombie (D)
  A goblin (D)
  4 jackals (D)
  A quokka (D)
  A ball python (D)
19 creatures vanquished.

Notes
Turn   | Place    | Note
-------+----------+-------------------------------------------
     0 | D        | potatolord6000 the Hill Orc Fighter began the quest for the Orb.
     0 | D        | Reached XP level 1. HP: 19/19 MP: 1/1
    13 | D        | Reached skill level 3 in Axes
    73 | D        | Found a bloodstained altar of Trog.
    73 | D        | Found a deep blue altar of Sif Muna.
    73 | D        | Found a viscous altar of Jiyva.
    73 | D        | Found a hazy altar of Hepliaklqana.
    73 | D        | Found an opulent altar of Gozag.
    74 | D        | Found a glowing golden altar of the Shining One.
    74 | D        | Found a glowing silver altar of Zin.
    74 | D        | Found a basalt altar of Yredelemnul.
    74 | D        | Found a shimmering altar of Xom.
    74 | D        | Found a sacrificial altar of Ru.
    74 | D        | Found a stormy altar of Qazlal.
    74 | D        | Found an iron altar of Okawaru.
    74 | D        | Found a sparkling altar of Nemelex Xobeh.
    74 | D        | Found a burning altar of Makhleb.
    74 | D        | Found a blossoming altar of Fedhas.
    74 | D        | Found a white marble altar of Elyvilon.
    74 | D        | Found a shadowy altar of Dithmenos.
    74 | D        | Found a snail-covered altar of Cheibriados.
    77 | D        | Found a corrupted altar of Lugonu.
    77 | D        | Found a radiant altar of Vehumet.
    77 | D        | Found a roughly hewn altar of Beogh.
    78 | D        | Found an ancient bone altar of Kikubaaqudgha.
    78 | D        | Found a hide-covered altar of Uskayaw.
    78 | D        | Found a shattered altar of Ashenzari.
    86 | D        | Became a worshipper of Beogh the Brigand
   123 | D        | Noticed a floating eye
   124 | D        | Paralysed by a floating eye for 4 turns
   131 | D        | Paralysed by a floating eye for 3 turns
   134 | D        | Killed a floating eye
   134 | D        | Reached skill level 6 in Axes
   134 | D        | Reached skill level 5 in Armour
   134 | D        | Reached skill level 5 in Shields
   134 | D        | Reached XP level 2. HP: 30/30 MP: 1/5
   134 | D        | Reached XP level 3. HP: 37/37 MP: 1/6
   134 | D        | Reached XP level 4. HP: 44/44 MP: 1/7
   202 | D        | Reached * piety under Beogh
   202 | D        | Reached XP level 5. HP: 45/50 MP: 8/8
   208 | D        | Reached skill level 5 in Invocations
   213 | D        | Noticed a big kobold
   220 | D        | Reached ** piety under Beogh
   231 | D        | Killed a big kobold
   231 | D        | Reached skill level 7 in Axes
   231 | D        | Reached XP level 6. HP: 24/60 MP: 10/10
   446 | D        | Reached skill level 8 in Axes
   447 | D        | Reached *** piety under Beogh
   465 | D        | Reached skill level 9 in Axes
   473 | D        | Reached **** piety under Beogh
   473 | D        | Reached XP level 7. HP: 49/69 MP: 11/13
   575 | D        | Noticed a phantasmal warrior
   598 | D        | Mangled by a phantasmal warrior

Skill      XL: |  1  2  3  4  5  6 |
---------------+-------------------+-----
Axes           | 6 7 9 |  9.1
Fighting       | 6 7 8 |  8.5
Armour         | 5 6 8 |  8.0
Shields        | 5 6 8 |  8.0
Invocations    | 4 6 8 |  8.1

Action                   |  1- 3 |  4- 6 |  7- 9 || total
-------------------------+-------+-------+-------++-------
Melee: War axe           |    24 |       |       ||    24
       Hand axe          |     6 |    75 |    21 ||   102
  Use: Potion            |       |     3 |     6 ||     9
Armor: Scale mail        |    15 |    10 |       ||    25
       Plate armour      |       |    28 |     4 ||    32
Dodge: Dodged            |     5 |    19 |       ||    24
Block: Shield            |    18 |    47 |     6 ||    71
